AoeStats
← ChuKoNuUBad

Nomad

509910823Analyzed
2v2 RM · 4d ago on Sep 28, 2026· 19m 4s· 4 players
Game mode
Random Map
Map size
176×176
Population
200
Speed
Normal
Resources
Standard
Victory
Conquest
Starting age
Dark Age
Ending age
Imperial Age
RankedLock teamsTeams togetherTeam positionsShared explorationLock speedFull tech treeHidden civsTurbo modeCheats
Victory
Defeat
🇬🇧 Vietnamese · United Kingdom
1247
+15
🇬🇧 Persians · United Kingdom
1245
+15
🇵🇰 Persians · Pakistan
1246
-16
🇪🇸 Vietnamese · Spain
1200
-14
Trulynoob
3:44 Loom
13:49 Feudal Age
14:25 Double-Bit Axe
17:47 Forging
NSN WAJID
11:50 Loom
17:41 Feudal Age
Nomad until 1300
2:48 Loom
3:30 Loom
11:47 Feudal Age
12:08 Double-Bit Axe
16:06 Forging
20:55 Castle Age
ChuKoNuUBad
4:55 Loom
13:24 Feudal Age
14:44 Gold Mining
14:41 Double-Bit Axe
15:33 Fishing Lines
21:18 Castle Age
Connection lost

Rejoining the realm…

Still unreachable

The connection could not be restored.

Session expired

The server has moved on; the page needs a fresh start.